 Dungeon Sprint DCSS version 0.17-a0-1262-gd250d98 (webtiles) character file.

1037 Kidiri the Covert (level 8, 0/44 HPs)
             Began as a Spriggan Assassin on June 6, 2015.
             Slain by a kraken (41 damage)
             ... in the Dungeon (Sprint II: "The Violet Keep of Menkaure").
             The game lasted 00:02:09 (483 turns).

Kidiri the Covert (Spriggan Assassin)                Turns: 483, Time: 00:02:09

Health: 0/44       AC:  3    Str:  8    XL:     8   Next: 4%
Magic:  9/9        EV: 29    Int: 13    God:
Gold:   972        SH:  0    Dex: 18    Spells: 0 memorised, 7 levels left

rFire  . . .     SeeInvis +     a - +2 dagger
rCold  . . .     Clarity  .     c - +0 robe
rNeg   . . .     SustAt   .     (shield restricted)
rPois  .         Gourm    .     (helmet restricted)
rElec  .         Spirit   .     d - +0 cloak
rCorr  .         Warding  .     (gloves unavailable)
rMut   .         NoTele   +     (boots unavailable)
MR     +....                    (no amulet)
Stlth  +++++++...               (no ring)
                                (no ring)

@: very quick, somewhat resistant to hostile enchantments, extremely stealthy
A: unfitting armour, see invisible, herbivore 3, speed 3, slow metabolism 2
a: no special abilities


You were in the Dungeon.
You were not hungry.

You visited 1 branch You collected 972 gold pieces.

Inventory:

Hand weapons
 a - a +2 dagger (weapon)
 b - a +0 blowgun
Missiles
 e - 8 poisoned needles
 f - 2 curare-tipped needles
Armour
 c - a +0 robe (worn)
 d - a +0 cloak (worn)
Scrolls
 m - a scroll of blinking
Potions
 h - a potion of curing
 i - a potion of heal wounds
 j - a potion of haste
 k - 2 potions of magic
 l - a potion of berserk rage
Comestibles
 g - a bread ration


   Skills:
 + Level 5.4 Fighting
 * Level 9.9 Short Blades
 + Level 7.0 Throwing
 * Level 12.2 Dodging
 * Level 14.2 Stealth


You had 7 spell levels left.
You didn't know any spells.

Dungeon Overview and Level Annotations

Branches:
Dungeon (1/1)

Altars:

Annotations:
D exclusion: ice statue


Innate Abilities, Weirdness & Mutations

You are tiny and cannot use many weapons and most armour.
You have supernaturally acute eyesight.
You are a herbivore.
You cover ground extremely quickly.
You need consume almost no food.


Message History

Marking area around the ice statue as unsafe for travelling.
There is an open door here.
A kraken comes into view.
The helpless kraken fails to defend itself.
You stick the kraken like a pincushion!!!!
The kraken is severely wounded.
The kraken misses you.
You hit the kraken but do no damage.
The kraken is severely wounded.
Tentacles burst out of the water!
You hit the kraken but do no damage.
The kraken is severely wounded.
You hit the kraken but do no damage.
The kraken is severely wounded.
The tentacle completely misses you. The kraken bites you.
You hit the kraken.
The kraken is severely wounded.
The tentacle misses you. The kraken bites you!!!
Ouch! That really hurt!
You die...

+#### .§§§§..##
§§§§§..##
§§8§§§§.# §§§§§§
# .§§§
###≈≈#+++#+++##
##≈≈≈ww@......#
.#≈≈≈wX##'##..#
.#≈≈≈w##...##
.#≈≈≈≈#..#).#
.#≈≈####...####
.#≈##%###'###.#
.#≈#..%##.##..##
.+ +.##'.<.'##.+
#...##.##%.##


You could see a kraken and 4 tentacles.

Vanquished Creatures
  A siren (D)
  4 necrophages (D)
  4 brain worms (D)
  4 worker ants (D)
13 creatures vanquished.

Notes
Turn   | Place    | Note
--------------------------------------------------------------
     0 | D        | Kidiri the Spriggan Assassin began the quest for the Orb.
     0 | D        | Reached XP level 1. HP: 10/10 MP: 2/2
     3 | D        | Noticed a necrophage
     3 | D        | Noticed a necrophage
     3 | D        | Noticed a necrophage
     3 | D        | Noticed a necrophage
     7 | D        | Noticed a brain worm
    17 | D        | Killed a brain worm
    17 | D        | Reached skill level 5 in Dodging
    17 | D        | Reached skill level 8 in Stealth
    17 | D        | Reached XP level 2. HP: 7/16 MP: 3/3
    17 | D        | Reached XP level 3. HP: 8/19 MP: 4/4
   200 | D        | Noticed a brain worm
   201 | D        | Killed a brain worm
   201 | D        | Reached skill level 5 in Short Blades
   201 | D        | Reached skill level 9 in Stealth
   201 | D        | Reached XP level 4. HP: 22/24 MP: 5/5
   205 | D        | Noticed a brain worm
   205 | D        | Noticed a brain worm
   207 | D        | Killed a brain worm
   207 | D        | Reached skill level 10 in Stealth
   207 | D        | Reached XP level 5. HP: 25/28 MP: 6/6
   209 | D        | Killed a brain worm
   209 | D        | Reached skill level 5 in Throwing
   209 | D        | Reached skill level 11 in Stealth
   225 | D        | Noticed a worker ant
   225 | D        | Noticed a worker ant
   225 | D        | Noticed a worker ant
   225 | D        | Noticed a worker ant
   229 | D        | Noticed a siren
   232 | D        | Killed a siren
   232 | D        | Reached skill level 13 in Stealth
   232 | D        | Reached XP level 6. HP: 31/35 MP: 7/7
   232 | D        | Reached XP level 7. HP: 33/38 MP: 8/8
   250 | D        | Killed a necrophage
   250 | D        | Reached skill level 5 in Fighting
   251 | D        | Killed a necrophage
   255 | D        | Killed a necrophage
   276 | D        | Killed a necrophage
   276 | D        | Reached skill level 14 in Stealth
   373 | D        | Killed a worker ant
   379 | D        | Killed a worker ant
   387 | D        | Killed a worker ant
   387 | D        | Reached XP level 8. HP: 44/44 MP: 9/9
   390 | D        | Killed a worker ant
   475 | D        | Noticed an ice statue
   477 | D        | Noticed a kraken
   483 | D        | Slain by a kraken

Vault maps used:
D:        the_violet_keep_of_menkaure

Action                   |  1- 3 |  4- 6 |  7- 9 || total
-------------------------+-------+-------+-------++-------
Melee: Dagger            |    10 |     3 |    38 ||    51
 Fire: Blowgun           |       |       |     7 ||     7
 Stab: Sleeping          |     1 |     3 |     4 ||     8
       Distracted        |       |       |     1 ||     1
